 Dungeon Crawl Stone Soup version 0.18.1-48-g4cf74bf (webtiles) character file.

38 tyranidshit the Skirmisher (level 3, 0/31 HPs)
             Began as a Demonspawn Abyssal Knight on Sept 8, 2016.
             Was a Follower of Lugonu.
             Slain by an adder (1 damage)
             ... on level 2 of the Dungeon.
             The game lasted 00:03:05 (1343 turns).

tyranidshit the Skirmisher (DsAK)                   Turns: 1343, Time: 00:03:06

Health: 0/31       AC:  4    Str: 13    XL:     3   Next: 25%
Magic:  4/4        EV: 11    Int: 13    God:    Lugonu [*.....]
Gold:   53         SH:  0    Dex: 14    Spells: 0 memorised, 2 levels left

rFire  . . .     SeeInvis .     a - +1 hand axe
rCold  . . .     Gourm    .     b - +0 leather armour
rNeg   . . .     Faith    .     (no shield)
rPois  .         Spirit   .     (no helmet)
rElec  +         Dismiss  .     (no cloak)
rCorr  .         Reflect  .     i - +0 pair of gloves
SustAt .         Harm     .     (no boots)
MR     .....                    (no amulet)
Stlth  +.........               (no ring)
                                (no ring)

@: lethally poisoned (0 -> -3), not resistant to hostile enchantments, very
unstealthy
A: hooves 1, agile 1, deterioration 1, electricity resistance
a: Depart the Abyss, Renounce Religion


You were on level 2 of the Dungeon.
You worshipped Lugonu.
Lugonu was aware of your devotion.
You were not hungry.

You visited 1 branch of the dungeon, and saw 2 of its levels.
You visited the Abyss 1 time.

You collected 53 gold pieces.

Inventory:

Hand Weapons
 a - a +1 hand axe (weapon)
Armour
 b - a +0 leather armour (worn)
 i - a +0 pair of gloves (worn)
Scrolls
 h - a scroll of identify
Potions
 d - a potion of flight
Miscellaneous
 e - a box of beasts
Comestibles
 c - a bread ration
 f - a slice of pizza
 g - a meat ration


   Skills:
 + Level 4.4 Fighting
 - Level 1.7 Axes
 - Level 1.7 Armour
 - Level 0.8 Dodging
 - Level 2.4 Invocations


You had 2 spell levels left.
You didn't know any spells.

Dungeon Overview and Level Annotations

Branches:
Dungeon (2/15)

Altars:


Innate Abilities, Weirdness & Mutations

You have large cloven feet.
You are agile. (Dex +2)
Your body sometimes deteriorates upon taking damage.
You are resistant to electric shocks.


Message History

The adder closely misses you.
You hit the adder. Your kick misses the adder.
The adder is heavily wounded.
The adder bites you but does no damage. The adder barely misses you.
You miss the adder. Your kick misses the adder.
The adder is heavily wounded.
* * * LOW HITPOINT WARNING * * *
You feel sick. The adder closely misses you.
You hit the adder but do no damage.
The adder is heavily wounded.
* * * LOW HITPOINT WARNING * * *
You feel sick. The adder misses you. The adder barely misses you.
You hit the adder. Your kick misses the adder.
The adder is almost dead.
The adder closely misses you.
You closely miss the adder.
The adder is almost dead.
* * * LOW HITPOINT WARNING * * *
You feel sick. The adder closely misses you. The adder bites you.
You die...

......# ### ......#
#.# ...... #.# ....#
#.# ....# #.# ....#
#.######S...#
#######......@....#
.........###.#....#
#.######..###.#....#
#.##..........######
#.##.##...##### #
#.##.##...# .
#.##.##...#
.##.##.##...##
.....#.......#


You could see an adder.

Vanquished Creatures
  An adder (D:2)
  4 bats
  4 giant cockroaches
  2 goblins (D:1)
  3 giant newts (D:1)
  10 kobolds
  3 rats (D:1)
27 creatures vanquished.

Notes
Turn   | Place    | Note
--------------------------------------------------------------
     0 | Abyss:1  | tyranidshit the Demonspawn Abyssal Knight began the quest for the Orb.
     0 | Abyss:1  | Reached XP level 1. HP: 18/18 MP: 2/2
    72 | Abyss:1  | Noticed a small abomination
   130 | Abyss:2  | Noticed a worldbinder
   133 | Abyss:2  | Noticed an orc warrior
   134 | Abyss:2  | Found a corrupted altar of Lugonu.
   135 | Abyss:2  | Noticed a raiju
   136 | Abyss:2  | Noticed a warg
   136 | Abyss:2  | Noticed an orc priest
   136 | Abyss:2  | Noticed a troll
   136 | D:1      | Escaped the Abyss
   273 | D:1      | Reached * piety under Lugonu
   412 | D:1      | Gained mutation: You have large cloven feet. [demonic ancestry]
   412 | D:1      | Reached XP level 2. HP: 13/24 MP: 3/3
   767 | D:1      | Reached skill level 4 in Fighting
   799 | D:1      | Gained mutation: You are resistant to electric shocks. [potion of mutation]
   799 | D:1      | Gained mutation: Your body sometimes deteriorates upon taking damage. [potion of mutation]
   799 | D:1      | Gained mutation: You are agile. (Dex +2) [potion of mutation]
  1144 | D:2      | Reached XP level 3. HP: 22/30 MP: 4/4
  1188 | D:2      | HP: 1/31 [poisoned by an adder]
  1343 | D:2      | HP: 1/31 [poisoned by an adder]
  1343 | D:2      | Slain by an adder

Skill      XL: |  1  2 |
---------------+-------+-----
Fighting       | 4 |  4.4
Axes           | |  1.7
Armour         | |  1.7
Dodging        | |  0.8
Invocations    | |  2.4

Action                   || total
-------------------------++-------
Melee: Hand axe          ||   131
       Kick              ||    19
Invok: Depart the Abyss  ||     1
  Use: Scroll            ||     4
       Potion            ||     3
  Eat: Bread ration      ||     1
Armor: Leather armour    ||    53
Dodge: Dodged            ||   102
